 Seeded DCSS version 0.29.1-15-g9cfb28693d (webtiles) character file.

Game seed: 16245865983455551772 (custom seed)

5 Atreus the Trooper (level 1, 18/19 HPs)
             Began as a Palentonga Berserker on Mar 10, 2023.
             Was a Follower of Trog.
             Quit the game on level 1 of the Dungeon.
             The game lasted 00:00:22 (257 turns).

Atreus the Trooper (Palentonga Berserker)            Turns: 257, Time: 00:00:22

Health: 18/19      AC:  4    Str: 22    XL:     1   Next: 66%
Magic:  1/1        EV:  9    Int:  7    God:    Trog [*.....]
Gold:   0          SH:  0    Dex:  9    Spells: 0/0 levels left

rFire   . . .      SeeInvis +   a - +0 hand axe
rCold   . . .      Faith    .   (no shield)
rNeg    . . .      Spirit   .   b - +0 animal skin
rPois   .          Reflect  .   (no helmet)
rElec   .          Harm     .   (no cloak)
rCorr   .          Rampage  .   (no gloves)
Will    .....                   (no barding)
Stlth   +.........              (no amulet)
HPRegen 0.06/turn               (no ring)
MPRegen 0.07/turn               (no ring)

@: no status effects
A: large, rugged brown scales 3, see invisible, deformed body, roll 1, armoured
tail
a: Rolling Charge, Renounce Religion, Berserk


You were on level 1 of the Dungeon.
You worshipped Trog.
Trog was aware of your devotion.
You visited 1 branch of the dungeon, and saw 1 of its levels.

Inventory:

Hand Weapons
 a - a +0 hand axe (weapon)
Armour
 b - a +0 animal skin (worn)
 e - the +2 barding of Paranoia {rCorr}
   (You acquired it on level 1 of the Dungeon)

   rCorr:     It protects you from acid and corrosion.
Jewellery
 d - the amulet of Qosaer {Spirit rElec Str+4 Int+5}
   (You acquired it on level 1 of the Dungeon)

   [amulet of guardian spirit]

   It causes incoming damage to be divided between your reserves of health and
   magic.
   Str:       It affects your strength (+4).
   Int:       It affects your intelligence (+5).
   rElec:     It insulates you from electricity.


   Skills:
 + Level 3.1 Fighting
 + Level 3.1 Axes
 + Level 1.6 Armour
 + Level 1.6 Dodging


You couldn't memorise any spells.
You didn't know any spells.
Your spell library was empty.

Dungeon Overview and Level Annotations

Branches:
Dungeon (1/15)

Altars:


Innate Abilities, Weirdness & Mutations

You are completely covered in rugged brown scales. (AC +3, +7% HP)
You have supernaturally acute eyesight. (SInv)
Armour fits poorly on your strangely shaped body.
You can roll at nearby foes to attack.
You have a long armoured tail.


Message History

The quokka completely misses you.
You hit the quokka but do no damage.
The quokka is almost dead.
You barely miss the goblin. The goblin hits you but does no damage.
The quokka bites you.
You miss the quokka.
Your tail-slap misses the quokka.
The quokka is almost dead.
You closely miss the goblin. The quokka bites you.
The goblin hits you but does no damage. The quokka barely misses you.
The goblin hits you with a +0 dagger.
You hit the quokka but do no damage.
The quokka is almost dead.
You hit the goblin.
The quokka bites you but does no damage.
The goblin hits you but does no damage.
You hit the quokka.
You kill the quokka!
Trog accepts your kill.
You hit the goblin.
You kill the goblin!
Trog accepts your kill.
You start resting.
HP restored.
This is a scroll of acquirement!
Something appears at your feet!
d - the amulet of Qosaer {Spirit rElec Str+4 Int+5} A quokka comes into view.
The quokka twitches its whiskers.
The quokka bites you. The quokka bites you.
You hit the quokka but do no damage. The quokka barely misses you. x2
You slash the quokka!
You kill the quokka!
Trog accepts your kill.
You see here a quokka corpse.
Something appears at your feet!
e - the +2 barding of Paranoia {rCorr} Something appears at your feet!
You aren't carrying any scrolls.
Are you sure you want to abandon this character and quit the game? (Confirm with "yes".)

###### # ..##.. .#
#.##.# #.#
#.##.######..####
#.#.###@##.#.†.........
.............#).#.....#
....###.##...#..# ....#
.. #.#...###.## r.##
..#...# #..# .#..
####..## ##.## #..
#..#.r #..# ...
#.##...##.## ...
..#.... #..#....


There were no monsters in sight!

Vanquished Creatures
  An endoplasm (D:1)
  A goblin (D:1)
  2 quokkas (D:1)
4 creatures vanquished.

Notes
Turn   | Place    | Note
-------+----------+-------------------------------------------
     0 | D:1      | Atreus the Palentonga Berserker began the quest for the
                  | Orb.
     0 | D:1      | Reached XP level 1. HP: 19/19 MP: 1/1
   233 | D:1      | Identified 3 scrolls of acquirement
   233 | D:1      | Acquired the amulet of Qosaer {Spirit rElec Str+4 Int+5}
   254 | D:1      | Acquired the +2 barding of Paranoia {rCorr}
   256 | D:1      | Acquired 1193 gold pieces
   257 | D:1      | Quit the game

Illustrated notes

Levels and vault maps discovered:
D:1:      minmay_arrival_hallway, layout_loops_corners, basic_ecumenical_altar,
          minmay_unequal

Action                   || total
-------------------------++-------
Melee: Hand axe          ||    10
 Abil: Rolling Charge    ||     1
  Use: Scroll            ||     3
Armor: Animal skin       ||     9
Dodge: Dodged            ||    10
